AoeStats
← fresh_jam

Arena

508218110Analyzed
4v4 RM · 11d ago on Sep 21, 2026· 46m 54s· 8 players
Game mode
Random Map
Map size
Large (8 player)
Population
200
Speed
Normal
Resources
Standard
Victory
Conquest
Starting age
Dark Age
Ending age
Imperial Age
RankedLock teamsTeams togetherTeam positionsShared explorationLock speedFull tech treeHidden civsTurbo modeCheats
Victory
Defeat
🇨🇭 Persians · Switzerland
1198
+12
🇬🇧 Italians · United Kingdom
1159
+13
🇭🇰 Jurchens · Hong Kong SAR China
1151
+14
🇧🇷 Franks · Brazil
1047
+22
🇨🇳 Poles · China
1130
-15
🇨🇳 Goths · China
1113
-15
🇹🇼 Persians · Taiwan
1087
-14
🇨🇳 Khmer · China
1072
-13
1361331795
0:34 Loom
10:46 Feudal Age
15:45 Castle Age
14:18 Double-Bit Axe
14:39 Horse Collar
22:51 Heavy Plow
23:52 Wheelbarrow
23:16 Town Watch
24:31 Bow Saw
25:04 Stone Mining
25:06 Gold Mining
27:42 Hand Cart
29:18 Forging
29:08 Scale Mail Armor
33:21 Imperial Age
31:08 Anarchy
31:48 Iron Casting
31:29 Chain Mail Armor
31:57 Stone Shaft Mining
32:06 Squires
32:36 Pikeman
35:03 Blast Furnace
34:39 Halberdier
36:08 Conscription
35:50 Perfusion
35:11 Elite Huskarl
36:40 Crop Rotation
41:16 Chemistry
Jason
7:41 Loom
10:31 Feudal Age
15:02 Castle Age
14:48 Double-Bit Axe
15:00 Horse Collar
18:51 Bow Saw
21:12 Wheelbarrow
22:43 Hand Cart
24:10 Kamandaran
24:30 Heavy Plow
25:40 Town Watch
25:50 Fletching
26:26 Crossbowman
27:35 Thumb Ring
28:59 Bodkin Arrow
29:08 Padded Archer Armor
29:32 Ballistics
31:03 Gold Mining
38:16 Imperial Age
37:13 Masonry
40:07 Two-Man Saw
39:51 Architecture
40:22 Chemistry
39:43 Leather Archer Armor
41:27 Elite War Elephant
42:18 Scale Barding Armor
42:44 Ring Archer Armor
42:25 Forging
44:36 Chain Barding Armor
45:47 Conscription
46:07 Plate Barding Armor
46:08 Iron Casting
zhenyy
11:05 Feudal Age
11:49 Horse Collar
15:13 Castle Age
14:06 Double-Bit Axe
16:37 Bow Saw
16:28 Heavy Plow
24:49 Wheelbarrow
25:56 Loom
25:56 Town Watch
27:26 Gold Mining
27:26 Stone Mining
28:19 Forging
28:14 Scale Barding Armor
28:32 Hand Cart
31:23 Imperial Age
29:25 Town Patrol
30:09 Stone Shaft Mining
29:41 Szlachta Privileges
30:47 Husbandry
30:59 Bloodlines
31:26 Iron Casting
31:11 Chain Barding Armor
32:57 Crop Rotation
31:58 Cavalier
33:13 Scale Mail Armor
34:23 Hoardings
36:23 Masonry
36:24 Fortified Wall
强悍小牛牛
11:20 Feudal Age
15:43 Castle Age
13:55 Double-Bit Axe
14:17 Horse Collar
18:25 Bow Saw
20:26 Heavy Plow
22:22 Wheelbarrow
21:36 Town Watch
21:36 Loom
23:57 Gold Mining
24:50 Hand Cart
29:04 Imperial Age
26:37 Stone Mining
27:22 Fortified Wall
28:14 Scale Barding Armor
27:44 Pikeman
30:34 Gold Shaft Mining
30:31 Conscription
31:07 Elite Ballista Elephant
32:07 Forging
31:57 Scale Mail Armor
32:18 Chain Barding Armor
32:25 Halberdier
33:55 Iron Casting
34:48 Chain Mail Armor
35:08 Plate Barding Armor
41:07 Blast Furnace
Aker Starlight
10:38 Feudal Age
11:09 Double-Bit Axe
15:58 Castle Age
13:58 Horse Collar
16:19 Loom
17:09 Wheelbarrow
17:20 Bow Saw
17:34 Bloodlines
22:19 Hand Cart
22:32 Heavy Plow
23:18 Stone Mining
24:19 Forging
30:22 Imperial Age
28:51 Scale Mail Armor
29:31 Iron Casting
30:00 Squires
30:50 Chain Mail Armor
30:42 Scale Barding Armor
31:04 Masonry
32:14 Chemistry
32:02 Crop Rotation
32:36 Two-Man Saw
34:16 Blast Furnace
32:43 Pikeman
33:40 Treadmill Crane
34:27 Light Cavalry
34:55 Elite Fire Lancer
38:40 Fletching
39:23 Bodkin Arrow
39:43 Padded Archer Armor
40:06 Chain Barding Armor
40:32 Ballistics
40:55 Siege Engineers
41:09 Leather Archer Armor
41:17 Elite Skirmisher
42:42 Bracer
43:14 Ring Archer Armor
45:05 Thunderclap Bombs
45:27 Fortified Bastions
46:08 Plate Barding Armor
笨狸特能吃
9:55 Feudal Age
13:34 Castle Age
12:46 Double-Bit Axe
22:05 Wheelbarrow
24:32 Bow Saw
28:26 Imperial Age
26:15 Gold Mining
26:53 Hand Cart
26:41 Stone Mining
29:11 Chivalry
28:37 Cavalier
30:05 Conscription
30:50 Gold Shaft Mining
30:24 Scale Barding Armor
29:50 Paladin
30:32 Husbandry
30:23 Loom
30:24 Town Watch
31:37 Fletching
32:09 Chain Barding Armor
33:05 Chemistry
33:06 Forging
34:34 Plate Barding Armor
35:21 Iron Casting
36:12 Fletching
37:31 Blast Furnace
36:23 Fletching
37:47 Ballistics
37:38 Masonry
38:29 Murder Holes
39:19 Bodkin Arrow
40:22 Hoardings
41:38 Architecture
41:49 Siege Engineers
41:54 Scale Mail Armor
42:52 Elite Throwing Axeman
43:33 Scale Mail Armor
45:29 #83
45:40 Chain Mail Armor
fresh_jam
10:33 Feudal Age
12:25 Loom
15:02 Castle Age
13:29 Double-Bit Axe
13:26 Horse Collar
29:35 Imperial Age
26:56 Town Watch
28:44 Wheelbarrow
28:17 Scale Barding Armor
28:23 Forging
28:38 Bloodlines
28:29 Husbandry
29:04 Bow Saw
28:57 Heavy Plow
29:49 Chain Barding Armor
29:18 Cavalier
30:45 Savar
32:21 Iron Casting
33:50 Plate Barding Armor
34:16 Blast Furnace
34:09 Ballistics
34:20 Gold Mining
38:28 Fletching
38:39 Padded Archer Armor
38:10 Elite Skirmisher
38:57 Thumb Ring
42:02 Bodkin Arrow
42:22 Leather Archer Armor
45:47 Ring Archer Armor
GoblinMasterUK
11:01 Feudal Age
12:14 Double-Bit Axe
15:10 Castle Age
13:51 Horse Collar
14:31 Loom
14:43 Gold Mining
16:02 Bow Saw
24:09 Imperial Age
25:28 Block Printing
26:23 Chemistry
25:35 Fortified Wall
28:25 Heavy Plow
28:50 Stone Mining
40:12 Scale Mail Armor
40:23 Forging
43:25 Conscription
Connection lost

Rejoining the realm…

Still unreachable

The connection could not be restored.

Session expired

The server has moved on; the page needs a fresh start.